 Dungeon Crawl Stone Soup version 0.17.0-7-gfadd4cc (console) character file.

3 gw the Grave Robber (level 1, 0/10 HPs)
             Began as a Deep Elf Necromancer on Nov 9, 2015.
             Slain by a goblin
             ... wielding a +3 dagger of speed
              (3 damage)
             ... on level 1 of the Dungeon.
             The game lasted 00:00:45 (490 turns).

gw the Grave Robber (Deep Elf Necromancer)           Turns: 490, Time: 00:00:45

Health: 0/10       AC:  2    Str:  5    XL:     1   Next: 41%
Magic:  6/6        EV: 13    Int: 19    God:
Gold:   4          SH:  0    Dex: 15    Spells: 2 memorised, 4 levels left

rFire  . . .     SeeInvis .     (no weapon)
rCold  . . .     Clarity  .     a - +0 robe
rNeg   . . .     SustAt   .     (no shield)
rPois  .         Gourm    .     (no helmet)
rElec  .         Spirit   .     (no cloak)
rCorr  .         Warding  .     (no gloves)
rMut   .         Stasis   .     (no boots)
MR     .....                    (no amulet)
Stlth  ++........               (no ring)
                                (no ring)

@: not resistant to hostile enchantments, unstealthy
A: no striking features
a: no special abilities


You were on level 1 of the Dungeon.
You were not hungry.

You visited 1 branch of the dungeon, and saw 1 of its levels.

You collected 4 gold pieces.

Inventory:

Armour
 a - a +0 robe (worn)
Books
 b - a book of Necromancy

   Spells                             Type                      Level
   a - Pain                           Necromancy                   1
   b - Animate Skeleton               Necromancy                   1
   c - Vampiric Draining              Necromancy                   3
   d - Regeneration                   Charms/Necromancy            3
   e - Animate Dead                   Necromancy                   4
   f - Control Undead                 Necromancy                   4
Comestibles
 c - a bread ration


   Skills:
 + Level 0.0 Fighting
 + Level 0.1 Armour
 - Level 2.4 Dodging
 - Level 2.4 Stealth
 * Level 3.2 Spellcasting
 + Level 4.8 Necromancy


You had 4 spell levels left.
You knew the following spells:

 Your Spells              Type           Power        Failure   Level  Hunger
a - Pain                  Necr           ###.         1%          1    None
b - Animate Skeleton      Necr           N/A          1%          1    None


Dungeon Overview and Level Annotations

Branches:
Dungeon (1/15)

Altars:


Message History

MOVING TO (5,-4)
The giant cockroach bites your hobgoblin skeleton.
Your hobgoblin skeleton is destroyed!
The goblin throws a stone.
The stone hits you.
You see here 2 stones.
Unknown command.
Unknown command.
Unknown command.
MOVING TO (4,-3) Unknown command.
Unknown command.
Unknown command.
MOVING TO (3,-2)
The goblin hits you but does no damage.
Unknown command.
Unknown command.
Unknown command.
MOVING TO (3,-1)
The goblin hits you with a dagger of speed.
You die...

#..###.. ### #.(.... ..#
#.#..!# ##..###.##..#
######## ##....##.##..#
##......####.....##......
#........#..........#.#..
#........#..........>....
#.......e(..........#...#
#......rg####.......###.#
#.....g.s# ##.!......#..
#.....(..# ##.###.#....
#.....)..# ...# #..##..
#.....(..#. ##### ##....#
##.!...(..... ####.#
########..#. #.# .## #..


You could see a giant cockroach, 2 goblins and a rat.

Table legend:
 A = Turns spent in this place as a percentage of turns spent in the entire game.
 B = Non-inter-level travel turns spent in this place as a percentage of non-inter-level travel turns spent in the entire game.
 C = Inter-level travel turns spent in this place as a percentage of turns spent in this place.
 D = Turns resting spent in this place as a percentage of non-inter-level travel turns spent in this place.
 E = Turns spent auto-exploring this place as a percentage of non-inter-level travel turns spent in this place.
 F = Non-inter-level travel turns spent in this place divided by the number of levels of this place that you've seen.
                   A       B       C       D       E      F
               +-------+-------+-------+-------+-------+----------------------
         Total | 100.0 | 100.0 |   0.8 |   2.1 |   2.7 | 1027.0
       Dungeon | 100.0 | 100.0 |   0.8 |   2.1 |   2.7 | 1027.0
               +-------+-------+-------+-------+-------+----------------------

Table legend:
 A = Kills in this place as a percentage of kills in entire the game.
 B = Kills by you in this place as a percentage of kills by you in the entire game.
 C = Kills by friends in this place as a percentage of kills by friends in the entire game.
 D = Other kills in this place as a percentage of other kills in the entire game.
 E = Experience gained in this place as a percentage of experience gained in the entire game.
 F = Experience gained in this place divided by the number of levels of this place that you have seen.
                   A       B       C       D       E      F
               +-------+-------+-------+-------+-------+----------------------
         Total | 100.0 | 100.0 | 100.0 |  -nan | 100.0 |   5.0
       Dungeon | 100.0 | 100.0 | 100.0 |  -nan | 100.0 |   5.0
               +-------+-------+-------+-------+-------+----------------------

Vanquished Creatures
  A bat (D:1)
  A goblin (D:1)
  A rat (D:1)
3 creatures vanquished.

Vanquished Creatures (collateral kills)
  A hobgoblin (D:1)
1 creature vanquished.

Grand Total: 4 creatures vanquished

Notes
Turn   | Place    | Note
--------------------------------------------------------------
     0 | D:1      | gw the Deep Elf Necromancer began the quest for the Orb.
     0 | D:1      | Reached XP level 1. HP: 10/10 MP: 6/6
     2 | D:1      | Learned a level 1 spell: Animate Skeleton
   490 | D:1      | Slain by a goblin

Action                   || total
-------------------------++-------
 Cast: Pain              ||    10
       Animate Skeleton  ||     3

Vault maps used:
D:1:      tarquinn_simple_flora_water_d
